 Dungeon Crawl Stone Soup version 0.19.0-11-g3fc08b3 (webtiles) character file.

298 Jaroslav the Cudgeler (level 6, -3/55 HPs)
             Began as a Minotaur Berserker on Nov 8, 2016.
             Was a Priest of Trog.
             Slain by a gnoll
             ... wielding a cursed -2 halberd
              (11 damage)
             ... on level 3 of the Dungeon.
             The game lasted 00:14:07 (2393 turns).

Jaroslav the Cudgeler (Minotaur Berserker)          Turns: 2393, Time: 00:14:08

Health: -3/55      AC:  9    Str: 27    XL:     6   Next: 13%
Magic:  5/5        EV: 10    Int:  4    God:    Trog [***...]
Gold:   117        SH:  0    Dex: 11    Spells: 0 memorised, 5 levels left

rFire  . . .     SeeInvis .     a - +0 mace
rCold  . . .     Gourm    .     e - +0 chain mail
rNeg   . . .     Faith    .     (no shield)
rPois  .         Spirit   .     (helmet restricted)
rElec  .         Reflect  .     (no cloak)
rCorr  .         Harm     .     (no gloves)
MR     .....                    (no boots)
Stlth  ..........               q - amulet of regeneration
                                (no ring)
                                (no ring)

@: mighty, exhausted, slowed, very slow
A: retaliatory headbutt, horns 2
a: Berserk, Trog's Hand, Burn Spellbooks, Renounce Religion


You were on level 3 of the Dungeon.
You worshipped Trog.
Trog was most pleased with you.
You were very hungry.

You visited 1 branch of the dungeon, and saw 3 of its levels.

You collected 117 gold pieces.

Inventory:

Hand Weapons
 a - a +0 mace (weapon)
 s - a +0 quarterstaff
 v - a +0 whip
 y - a cursed -3 quarterstaff
Armour
 e - a +0 chain mail (worn)
Jewellery
 q - an amulet of regeneration (around neck)
Scrolls
 k - a scroll of fear {unknown}
 l - 3 scrolls of enchant armour {unknown}
 m - 2 scrolls of remove curse {unknown}
 n - a scroll of recharging {unknown}
 p - 3 scrolls of enchant weapon {unknown}
 r - a scroll of noise {unknown}
 t - a scroll of magic mapping {unknown}
 u - 4 scrolls of random uselessness {unknown}
 x - 3 scrolls of amnesia {unknown}
 B - a scroll of blinking {unknown}
Potions
 b - a potion of lignification {unknown}
 f - a potion of mutation {unknown}
 g - a potion of cure mutation
 h - 3 potions of might
 i - a potion of brilliance {unknown}
 j - a potion of cancellation {unknown}
 w - a potion of degeneration {unknown}
 z - a potion of invisibility {unknown}
 A - a potion of curing {unknown}
Comestibles
 c - a bread ration
 d - a meat ration
 o - a royal jelly


   Skills:
 + Level 4.9 Fighting
 + Level 6.4 Maces & Flails
 + Level 3.4 Armour
 + Level 3.5 Dodging


You had 5 spell levels left.
You didn't know any spells.

Dungeon Overview and Level Annotations

Branches:
Dungeon (3/15)

Altars:

Annotations:
D:3 Robin


Innate Abilities, Weirdness & Mutations

You reflexively headbutt those who attack you in melee.
You have a pair of horns on your head.


Message History

Trog accepts your kill. The goblin hits you but does no damage.
The gnoll hits you from afar with an enchanted halberd.
* * * LOW HITPOINT WARNING * * *
The gnoll closely misses you. The goblin hits you but does no damage.
The gnoll closely misses you.
It was a potion of cure mutation.
It has a very clean taste.
The hobgoblin hits you with a club.
* * * LOW HITPOINT WARNING * * *
The gnoll hits you but does no damage. The goblin completely misses you.
Robin roars a battlecry!
The goblins go into a battle-frenzy!
The gnoll closely misses you.
You thump the goblin!
You kill the goblin!
Trog accepts your kill.
The hobgoblin hits you but does no damage.
The gnoll closely misses you.
The gnoll hits you from afar with an enchanted halberd!
You die... #.##...##.# ##.#.# #.##....#.##.........####....#### #.)........+.........+........... ####....### ......... ###....#### ##).## ....... #......... ##.## ...<. #.###.###. #...# ggg

# #.# #.<## #g# #.#
#.## #@# #.###.###.
#. #)# #..<......
#.
##†###########.####
#.
##...#...######.#
#.
#...............#
#.
##...#...########
#. ...###.###.##
#..........#
############


You could see Robin, 2 gnolls and a hobgoblin.

Vanquished Creatures
  A sky beast (D:3)
  An orc wizard (D:3)
  5 gnolls
  3 adders (D:2)
  2 oozes
  A dart slug (D:3)
  3 leopard geckos
  8 orcs (D:3)
  A ball python (D:2)
  4 giant cockroaches
  18 goblins
  8 hobgoblins
  4 jackals (D:2)
  8 kobolds
  5 bats
  A frilled lizard (D:1)
  7 rats
80 creatures vanquished.

Notes
Turn   | Place    | Note
-------+----------+-------------------------------------------
     0 | D:1      | Jaroslav the Minotaur Berserker began the quest for the Orb.
     0 | D:1      | Reached XP level 1. HP: 19/19 MP: 0/0
   159 | D:1      | Reached XP level 2. HP: 9/27 MP: 1/1
   754 | D:1      | Reached skill level 4 in Maces & Flails
   767 | D:1      | Reached XP level 3. HP: 33/33 MP: 2/2
  1309 | D:2      | Reached ** piety under Trog
  1311 | D:2      | Reached XP level 4. HP: 30/41 MP: 3/3
  1324 | D:2      | Reached skill level 5 in Maces & Flails
  1924 | D:3      | Reached XP level 5. HP: 43/47 MP: 4/4
  2000 | D:3      | Noticed a sky beast
  2013 | D:3      | Killed a sky beast
  2013 | D:3      | Reached skill level 6 in Maces & Flails
  2014 | D:3      | Reached XP level 6. HP: 30/55 MP: 5/5
  2365 | D:3      | Noticed Robin
  2391 | D:3      | Reached *** piety under Trog
  2393 | D:3      | Slain by a gnoll

Skill      XL: |  1  2  3  4  5 |
---------------+----------------+-----
Fighting       | 4 |  4.9
Maces & Flails | 4 5 6 |  6.4
Dodging        | 3 |  3.5
Armour         | 3 |  3.4

Action                   |  1- 3 |  4- 6 || total
-------------------------+-------+-------++-------
Melee: Mace              |    64 |    99 ||   163
       Headbutt          |     9 |    16 ||    25
Invok: Berserk           |       |     2 ||     2
  Use: Scroll            |       |     3 ||     3
       Potion            |       |     2 ||     2
  Eat: Chunk             |     1 |     4 ||     5
Armor: Animal skin       |     4 |       ||     4
       Leather armour    |     6 |     9 ||    15
       Ring mail         |       |     7 ||     7
       Chain mail        |       |    33 ||    33
Dodge: Dodged            |    42 |    69 ||   111
